 Dungeon Crawl Stone Soup version 0.30.1-11-g7821555f0a (webtiles) character file.

Game seed: 5858987769562176034

42 Gumption the Ruffian (level 3, -1/35 HPs)
             Began as a Troll Gladiator on Dec 13, 2023.
             Slain by Robin
             ... wielding a +1 vampiric spear
              (6 damage)
             ... on level 2 of the Dungeon.
             The game lasted 00:05:14 (937 turns).

Gumption the Ruffian (Troll Gladiator)               Turns: 937, Time: 00:05:15

Health: -1/35      AC:  4    Str: 24    XL:     3   Next: 33%
Magic:  2/2        EV: 10    Int:  4    God:
Gold:   98         SH:  0    Dex: 11    Spells: 2/2 levels left

rFire   . .          .
                       - Unarmed
rCold   . . .        (no shield)
rNeg    . . .        a - +0 robe
rPois   .            b - +0 hat
rElec   .            (no cloak)
rCorr   .            (gloves unavailable)
SInv    .            (boots unavailable)
Will    .....        (no amulet)
Stlth   +            (no ring)
HPRegen 1.05/turn    (no ring)
MPRegen 0.08/turn

%: no passive effects
@: no status effects
A: large, unfitting armour, claws 3, regeneration 1, shaggy fur 1, tough skin 1
a: no special abilities


You were on level 2 of the Dungeon.
You visited 1 branch of the dungeon, and saw 2 of its levels.

You collected 98 gold pieces.

Inventory:

Missiles
 c - 3 throwing nets
 d - a large rock
 g - 6 poisoned darts (quivered)
Armour
 a - a +0 robe (worn)
 b - a +0 hat (worn)
Scrolls
 f - 2 scrolls of teleportation {unknown}
 h - a scroll of brand weapon {unknown}
 i - a scroll of poison {unknown}
Potions
 e - a potion of haste {unknown}
 j - a potion of brilliance {unknown}


   Skills:
 + Level 2.0 Fighting
 - Level 1.7 Throwing
 + Level 2.8 Dodging
 * Level 3.8 Unarmed Combat


You had 2 spell levels left.
You didn't know any spells.
Your spell library was empty.

Dungeon Overview and Level Annotations

Branches:
Dungeon (2/15)

Altars:

Annotations:
D:2 Robin


Innate Abilities, Weirdness & Mutations

You are too large for most types of armour.
You have claws for hands.
Your natural rate of healing is unusually fast.
You are covered in fur. (AC +1)
You have tough skin. (AC +1)


Message History

You barely miss the goblin.
The goblin no longer looks unusually strong.
The goblin closely misses you. Robin barely misses you.
The goblin shoots a sling bullet.
The sling bullet hits you.
You barely miss the goblin. The goblin misses you.
The goblin shoots a sling bullet.
The sling bullet closely misses you.
You claw the goblin!
You kill the goblin!
The goblin no longer looks unusually strong.
Robin throws the goblin at you! The goblin hits you with a +0 dagger.
You scratch the goblin.
You kill the goblin!
Robin throws the goblin at you! The goblin hits you with a +0 club.
You barely miss the goblin.
The goblin no longer looks unusually strong.
The goblin unwields a +0 sling.
The goblin wields a +0 club.
The goblin closely misses you.
You closely miss the goblin. The goblin hits you but does no damage.
Robin barely misses you. The goblin hits you with a +0 club.
* * * LOW HITPOINT WARNING * * *
You claw the goblin!
You kill the goblin!
Robin throws the goblin at you! The goblin hits you with a +0 club.
* * * LOW HITPOINT WARNING * * *
You barely miss the goblin. The goblin hits you with a +0 dagger.
* * * LOW HITPOINT WARNING * * *
Robin hits you from afar with a +1 vampiric spear.
* * * LOW HITPOINT WARNING * * *
The goblin hits you but does no damage.
You miss the goblin. The goblin hits you with a +0 dagger.
* * * LOW HITPOINT WARNING * * *
The goblin hits you with a +0 club.
* * * LOW HITPOINT WARNING * * *
You scratch the goblin.
The goblin is moderately wounded.
The goblin closely misses you. The goblin barely misses you.
You claw the goblin!
You kill the goblin!
Robin hits you from afar with a +1 vampiric spear.
You die...

######## #[.....# # ####
######......### .....
............##. ####..###
#####......##.
.......K#######...........
#...gg@)....[..########
.....(###########.# #
.##.. #... #. ##### # #.
#. #. ######## #. #####
##>...... #.
#...######........


You could see Robin, a goblin and a kobold.

Vanquished Creatures
  A dart slug (D:1)
  4 endoplasms
  12 goblins
  4 hobgoblins (D:1)
  5 ball pythons
  3 bats
  2 frilled lizards
  2 kobolds
  3 rats
36 creatures vanquished.

Notes
Turn   | Place    | Note
-------+----------+-------------------------------------------
     0 | D:1      | Gumption the Troll Gladiator began the quest for the Orb.
     0 | D:1      | Reached XP level 1. HP: 19/19 MP: 0/0
   295 | D:1      | Reached XP level 2. HP: 28/28 MP: 1/1
   435 | D:1      | Found a faded altar of an unknown god.
   905 | D:2      | Reached XP level 3. HP: 34/35 MP: 2/2
   907 | D:2      | Noticed Robin
   937 | D:2      | Slain by Robin

Illustrated notes

Levels and vault maps discovered:
D:1:      dpeg_arrival_boxes_within_box, layout_basic,
          hellmonk_ecumenical_altar_leap_of_faith, ebering_dispersal_statue_hall
D:2:      layout_rooms, cheibrodos_gnoll_hut, uniq_jessica, uniq_robin,
          uniq_crazy_yiuf_cottage

Skill      XL: |  1  2  3 |
---------------+----------+-----
Fighting       | 2 |  2.0
Throwing       | |  1.7
Dodging        | |  2.8
Unarmed Combat | |  3.8

Action                     || total
---------------------------++-------
  Melee: Unarmed           ||    83
 Armour: Robe              ||    27
  Dodge: Dodged            ||    44
